Map: Orbital Shipyard

Players

NightEnD - Winner!

  • Race: Protoss Protoss
  • League: Master

Dragon

  • Race: Terran Terran
  • League: Master

Event: Lycan League Weekly August #3

VOD

Have the link to the VOD?

Description

Time

  • Played on: Aug. 17, 2015, 1:18 p.m.
  • Length: 5:32

All games in this series

Show
View Real Time Build Order
Export as new Build Order

NightEnD Protoss - Winner!

Build Orders: Mass Adepts 

Get SALT Encoding   

  12  0:00  Probe  
  13  0:13  Pylon  
  13  0:18  Probe  
  14  0:31  Probe (Chrono Boost)  
  14  0:35  Gateway  
  15  0:41  Probe (Chrono Boost)  
  16  0:44  Assimilator  
  16  0:48  Probe  
  17  0:52  Assimilator  
  17  1:00  Probe  
  18  1:13  Probe (Chrono Boost)  
  19  1:23  Cybernetics Core  
  19  1:25  Probe (Chrono Boost)  
  20  1:32  Pylon  
  20  1:34  Probe (Chrono Boost)  
  21  1:42  Probe  
  23  1:54  Probe  
  23  1:59  Stargate  
  23  2:00  Adept (Chrono Boost)  
  25  2:04  Warp Gate (Chrono Boost)  
  25  2:07  Probe, Pylon  
  28  2:42  Void Ray (Chrono Boost)  
  30  2:48  Gateway x2  
  30  2:51  Gateway  
  30  3:12  Void Ray (Chrono Boost)  
  34  3:14  Pylon  
  34  3:31  Pylon  
  34  3:54  Void Ray (Chrono Boost)  
  38  4:01  Adept x4  
  46  4:23  Adept x4  
  54  4:33  Pylon  
  54  4:52  Adept x4  
  54  5:19  Adept x2  
  54  5:20  Adept x2  
Show
View Real Time Build Order
Export as new Build Order

Dragon Terran 

Build Orders: Command Center First (CC) 

Get SALT Encoding   

  12  0:00  SCV  
  13  0:12  SCV  
  14  0:22  Supply Depot  
  14  0:25  SCV  
  15  0:43  SCV  
  16  0:55  SCV  
  17  1:02  Command Center  
  17  1:08  SCV  
  18  1:15  Barracks  
  18  1:20  SCV  
  19  1:30  Barracks  
  19  1:32  SCV  
  20  1:43  Barracks  
  20  1:44  SCV  
  21  1:56  SCV  
  22  2:02  Marine  
  23  2:10  Orbital Command  
  23  2:15  Orbital Command  
  23  2:19  Marine  
  23  2:20  Marine  
  25  2:30  Marine  
  25  2:31  Refinery  
  27  2:37  SCV  
  27  2:39  Refinery  
  27  2:42  SCV, Supply Depot  
  27  2:44  Marine x2  
  28  2:48  Marine  
  28  2:50  SCV  
  32  2:56  SCV  
  33  3:02  SCV, Engineering Bay  
  33  3:05  Marine x2  
  36  3:07  Barracks Tech Lab  
  36  3:09  SCV  
  37  3:14  SCV  
  38  3:23  SCV  
  39  3:27  Bunker  
  39  3:28  Missile Turret, Marine  
  39  3:29  Marine  
  39  3:31  Stimpack  
  39  3:34  Marauder  
  43  3:35  SCV x2  
  45  3:47  SCV x2  
  46  3:51  Bunker  
  46  3:55  Missile Turret  
  46  3:59  Supply Depot  
  46  4:02  SCV, Marine  
  49  4:03  Marauder  
  49  4:08  Supply Depot  
  50  4:21  SCV x2  
  52  4:27  Marauder  
  52  4:29  Hi-Sec Auto Tracking  
  52  4:30  Supply Depot, Marine x2  
  56  4:33  SCV  
  56  4:37  SCV  
  56  4:38  Missile Turret  
  58  4:45  SCV  
  59  4:48  Marine  
  59  4:49  SCV, Marine  
  62  4:57  SCV  
  62  4:58  Factory  
  63  5:12  Marine  
  54  5:14  Marine  

Tags
 
Add a new tag
Caveats
  • Supply blocks, unpowered buildings, or Contaminate may cause inaccurate times.
  • Supply counts are checked every 10 seconds.